 Dungeon Crawl Stone Soup version 0.21-a0-37-g7dc85f4 (webtiles) character file.

94 blackwizard the Gusty (level 4, -1/40 HPs)
             Began as a Troll Air Elementalist on May 28, 2017.
             Slain by a goblin (4 damage)
             ... led by Robin
             ... on level 3 of the Dungeon.
             The game lasted 00:13:12 (2071 turns).

blackwizard the Gusty (Troll Air Elementalist)      Turns: 2071, Time: 00:13:12

Health: -1/40      AC:  5    Str: 17    XL:     4   Next: 38%
Magic:  4/5        EV: 10    Int: 11    God:
Gold:   124        SH:  0    Dex: 10    Spells: 5/6 levels left

rFire    . . .     SeeInvis .   m - +0 dagger
rCold    . . .     Gourm    +   (no shield)
rNeg     + . .     Faith    .   a - +0 robe
rPois    +         Spirit   .   (helmet restricted)
rElec    .         Reflect  .   (no cloak)
rCorr    .         Harm     .   (gloves unavailable)
MR       .....                  (boots unavailable)
Stlth    ++........             s - amulet of rage
Regen    0.6/turn               j - ring of poison resistance
MPRegen  0.1/turn               z - ring of positive energy

@: no status effects
A: unfitting armour, claws 3, fast metabolism 3, gourmand, regeneration 1,
shaggy fur 1, tough skin 2
a: Evoke Berserk Rage


You were on level 3 of the Dungeon.
You were not hungry.

You visited 1 branch of the dungeon, and saw 3 of its levels.

You collected 124 gold pieces.

Inventory:

Hand Weapons
 m - a +0 dagger (weapon)
Missiles
 f - 59 bolts
 h - 10 javelins (quivered)
 r - 12 poisoned needles
 y - 48 stones
Armour
 a - a +0 robe (worn)
 e - a +0 pair of boots
 q - a +0 buckler
Jewellery
 j - a ring of poison resistance (left claw)
 s - an amulet of rage (around neck)
 u - a +3 ring of strength
 z - a ring of positive energy (right claw)
Scrolls
 g - 2 scrolls of enchant weapon {unknown}
 i - a scroll of teleportation {unknown}
 l - a scroll of amnesia {unknown}
 n - a scroll of enchant armour {unknown}
 p - a scroll of fog {unknown}
 w - a scroll of remove curse {unknown}
 x - a scroll of blinking {unknown}
Potions
 k - 3 potions of heal wounds {unknown}
 o - a potion of curing {unknown}
 t - a potion of flight {unknown}
Books
 b - a book of Air

   Spells                             Type                      Level
   a - Shock                          Conjuration/Air              1
   b - Swiftness                      Charms/Air                   2
   c - Static Discharge               Conjuration/Air              3
   d - Airstrike                      Air                          4
   e - Lightning Bolt                 Conjuration/Air              5
Comestibles
 c - 2 bread rations
 d - 6 fruits
 v - 2 chunks of flesh


   Skills:
 + Level 0.4 Fighting
 + Level 0.5 Short Blades
 + Level 2.2 Dodging
 + Level 1.4 Stealth
 + Level 1.0 Unarmed Combat
 + Level 1.5 Spellcasting
 + Level 0.7 Conjurations
 + Level 2.3 Air Magic


You had 5 spell levels left.
You knew the following spells:

 Your Spells              Type           Power        Failure   Level  Hunger
a - Shock                 Conj/Air       #...         16%         1    ##.....


Dungeon Overview and Level Annotations

Branches:
Dungeon (3/15)

Altars:

Annotations:
D:3 Robin


Innate Abilities, Weirdness & Mutations

You are too large for most types of armour.
You have claws for hands.
Your metabolism is lightning-fast.
You like to eat raw meat.
Your natural rate of healing is unusually fast.
You are covered in fur. (AC +1)
You have very tough skin. (AC +2)


Message History

The bat hits you but does no damage.
Robin roars a battlecry!
The goblin goes into a battle-frenzy!
The hobgoblin hits you with a club.
* * * LOW HITPOINT WARNING * * *
Casting: Shock
Confirm with . or Enter, or press ? or * to list all spells.
Aiming: Shock
Press: ? - help, Shift-Dir - straight line The zap hits the bat.
You kill the bat!
Robin hits you but does no damage. The hobgoblin completely misses you.
The goblin hits you but does no damage. The hobgoblin hits you with a club.
* * * LOW HITPOINT WARNING * * *
You see here a bat corpse.
Robin throws the goblin at you! The goblin hits you but does no damage.
You completely miss the goblin. The goblin hits you but does no damage.
The goblin hits you.
You die...

### #<# #.# #.#
#.# #########g#
#.....ggg@#
#.#....gg##
#.#......#
####.#......#
#...........#
#........###.....
#........# .....
#........# .....
#...†....# .....


You could see Robin, 2 hobgoblins and 3 goblins.

Vanquished Creatures
  2 adders (D:2)
  3 oozes
  A worm (D:2)
  A dart slug (D:1)
  3 leopard geckos
  6 giant cockroaches
  9 goblins
  7 hobgoblins
  4 kobolds
  A quokka (D:2)
  3 bats
  8 frilled lizards
  5 rats
53 creatures vanquished.

Notes
Turn   | Place    | Note
-------+----------+-------------------------------------------
     0 | D:1      | blackwizard the Troll Air Elementalist began the quest for the Orb.
     0 | D:1      | Reached XP level 1. HP: 16/16 MP: 1/1
   191 | D:1      | Reached XP level 2. HP: 20/24 MP: 2/2
   550 | D:1      | Reached XP level 3. HP: 31/31 MP: 0/4
   687 | D:1      | Reached skill level 1 in Unarmed Combat
   849 | D:1      | You fall through a shaft!
  1149 | D:2      | Paralysed by fainting for 11 turns
  1159 | D:2      | HP: 1/31 [worm (11)]
  1494 | D:2      | Reached XP level 4. HP: 40/40 MP: 1/5
  1579 | D:2      | Paralysed by fainting for 6 turns
  1595 | D:2      | Paralysed by fainting for 12 turns
  1962 | D:3      | Noticed Robin
  2025 | D:3      | Paralysed by fainting for 7 turns
  2049 | D:3      | HP: 2/40 [goblin[Robin] (6)]
  2066 | D:3      | HP: 1/40 [hobgoblin/club[Robin] (2)]
  2071 | D:3      | Slain by a goblin

Vault maps used:
D:1:      dpeg_arrival_windows_large_door
D:2:      kennysheep_nondescript, minmay_pentomino_u4
D:3:      first_bread, hangedman_abyss_or_decor_lesser_grid,
          kennysheep_generic_room_10, uniq_robin, uniq_ijyb

Skill      XL: |  1  2  3 |
---------------+----------+-----
Unarmed Combat | 1 |  1.0
Dodging        | 2 |  2.2
Fighting       | |  0.4
Short Blades   | |  0.5
Stealth        | |  1.4
Spellcasting   | |  1.5
Conjurations   | |  0.7
Air Magic      | |  2.3

Action                   |  1- 3 |  4- 6 || total
-------------------------+-------+-------++-------
Melee: Unarmed           |    26 |       ||    26
       Dagger            |   181 |   134 ||   315
       Punch             |       |     1 ||     1
 Cast: Shock             |    13 |     2 ||    15
 Stab: Sleeping          |       |     1 ||     1
  Eat: Bread ration      |     2 |     1 ||     3
       Chunk             |     1 |     3 ||     4
Armor: Robe              |    66 |   134 ||   200
Dodge: Dodged            |   133 |   144 ||   277
